Map: [ESL] NeoHumanity

Players

Maru

  • Race: Terran Terran
  • Spawn Location: 11:00

GuMiho - Winner!

  • Race: Terran Terran
  • Spawn Location: 5:00

Event: ESL SC2 Masters 2023 Summer (Finals)

VOD

Have the link to the VOD?

Description

Time

  • Played on: June 17, 2023, 1:05 p.m.
  • Length: 16:00

All games in this series

Show
View Real Time Build Order
Export as new Build Order

Maru Terran 

Build Orders: Reaper Expand 

Get SALT Encoding   

  12  0:00  SCV  
  13  0:12  SCV  
  14  0:17  Supply Depot  
  14  0:24  SCV  
  15  0:38  SCV  
  15  0:40  Barracks  
  15  0:42  Refinery  
  16  0:50  SCV  
  17  1:03  SCV  
  18  1:15  SCV  
  19  1:27  Orbital Command  
  19  1:28  Reaper  
  20  1:44  Command Center  
  20  1:50  Supply Depot  
  20  1:52  SCV  
  21  2:00  Marine  
  22  2:05  Factory  
  22  2:08  SCV  
  23  2:13  Refinery  
  23  2:18  Marine  
  23  2:20  SCV  
  25  2:32  SCV  
  26  2:41  Barracks Reactor  
  26  2:44  SCV  
  26  2:49  Hellion  
  29  2:52  Starport  
  29  2:56  SCV  
  29  2:57  Orbital Command  
  29  3:08  SCV  
  29  3:10  Hellion  
  29  3:12  Orbital Command  
  32  3:17  Marine x2  
  34  3:20  SCV  
  34  3:24  Supply Depot  
  35  3:28  Viking  
  35  3:33  SCV  
  38  3:37  Marine x2  
  38  3:39  SCV  
  41  3:41  Factory Tech Lab  
  41  3:45  SCV  
  42  3:51  SCV  
  43  3:57  SCV  
  43  4:00  Starport Tech Lab, Siege Tank  
  47  4:08  Command Center  
  47  4:10  SCV  
  47  4:11  Supply Depot  
  47  4:14  SCV  
  49  4:19  Raven  
  49  4:23  SCV  
  52  4:26  SCV  
  52  4:28  Refinery  
  53  4:33  Siege Tank  
  53  4:36  SCV  
  57  4:40  SCV  
  57  4:43  Supply Depot  
  58  4:48  SCV  
  58  4:52  SCV  
  60  5:00  SCV  
  60  5:02  Refinery  
  60  5:04  SCV, Viking x2  
  66  5:10  Siege Tank  
  66  5:12  SCV  
  70  5:24  Orbital Command, SCV x2  
  70  5:26  Marine  
  72  5:34  Viking x2  
  76  5:39  SCV x2  
  78  5:44  Supply Depot  
  78  5:45  Siege Tank  
  81  5:51  SCV x2  
  83  6:02  Marine  
  76  6:05  Viking x2  
  76  6:07  SCV x2  
  76  6:08  Orbital Command  
  78  6:19  SCV x2  
  78  6:20  Marine  
  76  6:29  Engineering Bay  
  76  6:30  Engineering Bay  
  76  6:31  SCV x2  
  78  6:33  Stimpack  
  78  6:37  SCV  
  78  6:38  Marine  
  80  6:43  SCV x2, Siege Tank  
  85  6:49  SCV  
  85  6:53  Barracks  
  86  6:55  SCV x2  
  86  6:56  Marine  
  86  6:58  Barracks  
  86  7:01  SCV  
  90  7:07  SCV x2  
  91  7:13  Marine  
  91  7:15  Siege Tank  
  90  7:18  Viking x2  
  90  7:21  SCV x2  
  86  7:24  SCV  
  86  7:29  Engineering Bay  
  87  7:31  Engineering Bay, Marine  
  87  7:33  SCV  
  87  7:41  SCV x2  
  84  7:46  Marine x2  
  84  7:47  Siege Tank  
  84  7:49  Marine  
  87  8:04  Supply Depot  
  87  8:05  Supply Depot  
  85  8:11  SCV x3, Viking  
  85  8:12  Refinery x2  
  90  8:17  Terran Infantry Weapons Level 1, Barracks Reactor, Barracks Tech Lab, Terran Infantry Armor Level 1  
  90  8:19  Siege Tank  
  92  8:23  SCV  
  92  8:26  SCV x2, Marine  
  95  8:28  Supply Depot  
  95  8:31  Medivac  
  97  8:35  SCV  
  97  8:38  SCV x2  
  97  8:40  Marine, Combat Shield  
  101  8:44  Marine  
  101  8:47  SCV  
  103  8:50  SCV x2  
  103  8:54  Marine  
  103  8:55  Marine  
  96  8:59  SCV  
  96  9:01  Viking x2  
  96  9:02  SCV x2  
  103  9:06  Refinery  
  103  9:07  Marine x2  
  105  9:12  SCV  
  105  9:14  SCV x2  
  108  9:18  Command Center  
  108  9:19  Siege Tank  
  108  9:24  SCV  
  112  9:25  Missile Turret  
  112  9:26  SCV x2  
  112  9:29  Marine, Marauder  
  117  9:33  Armory  
  117  9:39  Supply Depot x3  
  117  9:41  Marine, Marauder, SCV x3  
  117  9:45  Viking x2  
  125  9:49  Marine  
  125  9:50  Marauder  
  125  9:55  SCV x2  
  125  9:56  SCV  
  125  9:59  Marine  
  122  10:03  Marauder  
  122  10:06  Siege Tank  
  127  10:07  SCV  
  127  10:12  SCV  
  126  10:15  Viking x2  
  126  10:19  SCV  
  131  10:24  SCV  
  127  10:31  SCV  
  120  10:36  SCV  
  118  10:43  SCV  
  118  10:45  Viking x2  
  118  10:47  Orbital Command  
  118  10:48  SCV  
  122  11:00  Refinery  
  119  11:07  Siege Tank  
  122  11:15  Terran Infantry Weapons Level 2, Missile Turret, Terran Infantry Armor Level 2  
  122  11:16  Terran Ship Weapons Level 1  
  122  11:17  SCV x2  
  122  11:18  SCV  
  129  11:22  Medivac x2  
  129  11:27  Marine x2, Marauder x2  
  129  11:28  Barracks  
  129  11:29  SCV x2  
  129  11:30  Barracks  
  137  11:37  Orbital Command  
  137  11:40  Refinery  
  137  11:43  Starport, Refinery  
  137  11:44  Starport  
  137  11:48  Marine  
  137  11:49  Marine, Marauder x2  
  143  11:54  SCV  
  143  11:59  Viking x2  
  148  12:06  Marine  
  148  12:08  Marine  
  150  12:10  Marauder x2, Siege Tank, Supply Depot  
  149  12:24  Marine, Starport Reactor x2, Barracks Tech Lab  
  149  12:25  Barracks Reactor  
  149  12:27  Marine  
  149  12:28  Viking  
  149  12:29  Viking, Command Center  
  151  12:31  Marauder  
  151  12:32  Marauder  
  151  12:34  Starport x2  
  155  12:40  Command Center  
  155  12:42  Marine  
  155  12:43  Fusion Core  
  156  12:45  Marauder  
  157  12:53  Marauder  
  157  12:56  SCV x2  
  152  12:58  Viking  
  152  13:04  Viking  
  152  13:05  Viking x3  
  152  13:10  Marine x3  
  152  13:11  Marauder x2  
  134  13:13  Liberator  
  124  13:22  Liberator  
  124  13:24  SCV x3  
  124  13:26  Marine  
  124  13:27  Marauder  
  130  13:28  Liberator, Marine, SCV  
  130  13:32  Marauder x2  
  139  13:38  Siege Tank  
  139  13:40  Liberator  
  145  13:45  Missile Turret  
  145  13:47  Liberator  
  145  13:48  Marine x4, Marauder  
  150  13:50  Supply Depot  
  150  13:53  Medivac  
  155  14:06  Liberator, Viking, Missile Turret  
  157  14:12  Viking x2  
  155  14:19  SCV x3  
  155  14:24  Viking x2  
  157  14:27  Viking  
  157  14:30  Viking  
  161  14:36  Viking  
  161  14:38  SCV x2, Supply Depot  
  158  14:42  Viking  
  158  14:43  Viking  
  155  14:49  Viking  
  156  14:58  Viking  
  156  15:05  Viking x2  
  160  15:12  Viking  
  145  15:32  Marine  
  145  15:33  Marauder x2  
  151  15:46  SCV x4  
Show
View Real Time Build Order
Export as new Build Order

GuMiho Terran - Winner!

Build Orders:  

Get SALT Encoding   

  12  0:00  SCV  
  13  0:12  SCV  
  14  0:16  Supply Depot  
  14  0:24  SCV  
  15  0:38  SCV  
  15  0:39  Barracks  
  16  0:43  Refinery  
  16  0:50  SCV  
  16  0:52  Refinery  
  17  1:02  SCV  
  18  1:14  SCV  
  19  1:26  Orbital Command, Reaper  
  19  1:27  Supply Depot  
  20  1:41  Factory  
  20  1:52  SCV  
  21  1:59  Reaper  
  22  2:04  SCV  
  23  2:15  Command Center  
  23  2:18  SCV  
  24  2:26  Hellion  
  26  2:31  SCV, Barracks Reactor  
  27  2:37  Starport  
  27  2:44  Supply Depot  
  27  2:46  SCV  
  27  2:47  Factory Tech Lab  
  28  2:58  SCV  
  29  3:08  Marine x2, Siege Tank  
  29  3:12  SCV  
  35  3:20  Medivac  
  35  3:24  SCV  
  35  3:25  Marine  
  39  3:27  Marine  
  39  3:30  Orbital Command  
  40  3:36  SCV  
  41  3:43  Siege Tank  
  41  3:45  Marine x2  
  46  3:49  SCV  
  46  3:50  Supply Depot  
  47  3:55  SCV  
  47  3:59  Refinery  
  47  4:01  SCV  
  49  4:13  Viking  
  49  4:14  Viking  
  49  4:15  SCV x2  
  55  4:26  Supply Depot  
  55  4:27  SCV x2  
  57  4:32  Siege Tank  
  60  4:39  SCV, Supply Depot  
  60  4:40  SCV  
  62  4:47  Viking  
  62  4:49  Supply Depot  
  62  4:51  Viking  
  66  4:53  SCV  
  66  4:54  SCV  
  68  5:01  Marine  
  69  5:08  SCV x2  
  71  5:17  Viking  
  71  5:20  SCV x2  
  71  5:21  Viking  
  77  5:22  Supply Depot  
  77  5:24  Supply Depot  
  77  5:27  Siege Tank  
  80  5:32  SCV  
  74  5:44  SCV x2  
  74  5:47  Viking  
  78  5:51  Viking  
  79  6:03  Command Center  
  73  6:17  Viking  
  75  6:19  Siege Tank  
  75  6:21  Viking  
  77  6:25  SCV  
  77  6:26  SCV  
  77  6:30  Refinery  
  77  6:31  Bunker  
  74  6:33  Factory  
  74  6:38  SCV x2  
  74  6:39  Marine  
  77  6:48  Viking  
  77  6:51  Viking  
  77  6:52  SCV x2  
  82  7:04  SCV x2  
  82  7:05  Refinery  
  82  7:07  Refinery  
  84  7:18  Viking  
  84  7:21  Viking  
  82  7:26  SCV x2  
  84  7:31  Siege Tank  
  84  7:32  Factory Tech Lab  
  82  7:38  SCV x2  
  84  7:47  Orbital Command  
  84  7:49  Viking  
  84  7:50  SCV x2  
  88  7:51  Viking  
  88  7:53  Siege Tank  
  93  8:03  SCV x2, Siege Tank  
  95  8:07  Marine  
  96  8:21  Liberator  
  96  8:25  Marine, Siege Tank  
  103  8:32  Liberator  
  103  8:33  SCV  
  103  8:34  SCV  
  108  8:35  SCV, Siege Tank  
  112  8:42  Command Center  
  112  8:43  Marine, Supply Depot  
  112  8:44  Engineering Bay, Supply Depot  
  112  8:46  SCV  
  112  8:53  SCV x2  
  108  8:58  SCV, Siege Tank  
  112  9:04  Supply Depot  
  112  9:05  SCV x2  
  112  9:06  Supply Depot x2  
  112  9:07  Siege Tank  
  117  9:10  SCV  
  117  9:13  Liberator  
  117  9:15  Liberator  
  124  9:22  Sensor Tower  
  124  9:24  Missile Turret  
  124  9:25  Missile Turret  
  124  9:33  Supply Depot  
  124  9:34  Supply Depot  
  124  9:35  Missile Turret  
  124  9:46  Siege Tank x2  
  130  10:00  Viking x2  
  130  10:06  SCV x3  
  128  10:30  Viking x2  
  126  10:39  Siege Tank x2  
  126  10:44  SCV x3  
  126  10:49  Refinery  
  129  10:52  Refinery  
  129  10:55  Factory x2  
  129  10:56  SCV x3  
  129  10:57  Factory  
  129  10:58  Armory  
  129  11:00  Armory, Viking x2, Missile Turret  
  130  11:05  Missile Turret x2  
  130  11:08  SCV  
  130  11:11  Siege Tank  
  131  11:12  SCV x2, Planetary Fortress  
  131  11:16  Siege Tank  
  136  11:20  SCV  
  137  11:30  Viking x2  
  141  11:34  Starport  
  141  11:37  Starport, Command Center  
  141  11:39  Missile Turret  
  141  11:41  Missile Turret  
  141  11:43  Siege Tank  
  144  11:47  Factory Tech Lab  
  144  11:48  Factory Tech Lab, Factory Reactor, Infernal Pre-Igniter  
  144  11:50  Terran Vehicle Weapons Level 1, Terran Vehicle And Ship Armor Level 1  
  144  11:59  Viking  
  146  12:14  Siege Tank x2  
  146  12:15  Viking  
  155  12:23  Starport Reactor  
  155  12:29  Viking  
  155  12:30  Starport Reactor  
  155  12:43  Siege Tank x2  
  161  12:45  Viking  
  161  12:46  Hellion, Siege Tank  
  168  12:59  Viking  
  167  13:11  Viking x3  
  167  13:12  Viking  
  161  13:15  Viking  
  152  13:23  Siege Tank  
  152  13:25  SCV x2  
  147  13:29  Viking  
  149  13:41  Viking x3  
  149  13:42  Viking  
  149  13:44  Viking, Missile Turret x2  
  149  13:45  Sensor Tower  
  149  13:46  Missile Turret  
  159  13:59  Viking  
  158  14:11  Viking x3  
  158  14:12  Viking  
  158  14:14  Viking  
  157  14:29  Viking  
  151  14:38  Missile Turret  
  149  14:41  Viking x4  
  149  14:44  Viking  
  159  14:59  Viking  
  158  15:01  Unknown  
  158  15:11  Viking x4  
  166  15:14  Viking  
  144  15:29  Viking  
  148  15:43  Starport  
  148  15:45  Command Center  
Tags
 
Add a new tag
Caveats
  • Supply blocks, unpowered buildings, or Contaminate may cause inaccurate times.
  • Supply counts are checked every 10 seconds.